[Event "WJCC U20 Girls 2019"]
[Site "New Delhi"]
[Date "2019.10.21"]
[Round "7.44"]
[White "Dahampriya, H K T Dewnethmie"]
[Black "Arushi Kotwal"]
[Result "1-0"]
[ECO "C06"]
[WhiteElo "1629"]
[BlackElo "1657"]
[Annotator "NA"]
[PlyCount "69"]
[EventDate "2019.10.15"]
[EventType "swiss"]
[EventCountry "IND"]
[SourceTitle "playchess.com"]
[Source "ChessBase"]
[SourceQuality "1"]
[TimeControl "40/5400+30:1800+30"]

1. e4 e6 2. d4 d5 3. Nd2 Nf6 4. e5 Nfd7 5. Bd3 c5 6. c3 Nc6 7. Ne2 cxd4 8. cxd4 Qb6 9. Nf3 Bb4+ 10. Bd2 f6 11. exf6 Nxf6 12. O-O O-O 13. Re1 Bd6 14. Bc3 Bd7 15. Rc1 Qc7 16. h3 Nh5 17. Qc2 h6 18. Nh4 Bh2+ 19. Kf1 Ng3+ 20. Nxg3 Rxf2+ 21. Kxf2 Qxg3+ 22. Ke2 Qxh4 23. Bh7+ Kh8 24. Qd3 Qg3 25. Rf1 Qxg2+ 26. Rf2 Qg3 27. Rcf1 Qxd3+ 28. Bxd3 Bd6 29. Rf7 Rd8 30. a3 e5 31. dxe5 Nxe5 32. Bxe5 Re8 33. Kd2 Be6 34. Bxd6 Bxf7 35. Rxf7 1-0

[Event "WJCC U20 Girls 2019"]
[Site "New Delhi"]
[Date "2019.10.21"]
[Round "7.45"]
[White "Reid, Caitlin"]
[Black "Abdala Cancino, Patricia Anastas"]
[Result "0-1"]
[ECO "C55"]
[WhiteElo "1489"]
[BlackElo "1608"]
[Annotator "NA RC"]
[PlyCount "68"]
[EventDate "2019.10.15"]
[EventType "swiss"]
[EventCountry "IND"]
[SourceTitle "playchess.com"]
[Source "ChessBase"]
[SourceQuality "1"]
[TimeControl "40/5400+30:1800+30"]

1. e4 e5 2. Nf3 Nc6 3. d4 exd4 4. Bc4 Nf6 5. e5 d5 6. Bb5 Ne4 7. Nbd2 Nxd2 8. Qxd2 Bd7 9. Bxc6 bxc6 10. Qxd4 Bf5 11. b3 a5 12. O-O c5 13. Qf4 Qd7 14. c3 Be7 15. Re1 O-O 16. Ba3 h6 17. Rad1 c6 18. Rd2 Qe6 19. Qe3 Be4 20. Bxc5 Bxc5 21. Qxc5 Bxf3 22. gxf3 f6 23. Qd6 Qf5 24. Re3 fxe5 25. Qxc6 d4 26. Qd5+ Kh8 27. cxd4 Qb1+ 28. Kg2 Ra6 29. Qe4 Rg6+ 30. Kh3 Qf1+ 31. Kh4 Rf4+ 32. Qxf4 exf4 33. Re5 Qg2 34. Kh5 Kh7 0-1

[Event "WJCC U20 Girls 2019"]
[Site "New Delhi"]
[Date "2019.10.21"]
[Round "7.46"]
[White "Yaakub, Nov Genevia Pslam"]
[Black "Djuric, Anja"]
[Result "1-0"]
[ECO "B00"]
[WhiteElo "1316"]
[BlackElo "1493"]
[Annotator "NA"]
[PlyCount "154"]
[EventDate "2019.10.15"]
[EventType "swiss"]
[EventCountry "IND"]
[SourceTitle "playchess.com"]
[Source "ChessBase"]
[SourceQuality "1"]
[TimeControl "40/5400+30:1800+30"]

1. e4 d6 2. Nf3 Nf6 3. Nc3 Bg4 4. h3 Bh5 5. Be2 e5 6. d4 Nc6 7. Be3 Bxf3 8. Bxf3 exd4 9. Bxd4 Nxd4 10. Qxd4 Be7 11. O-O O-O 12. Rad1 Nd7 13. Rfe1 Ne5 14. Be2 Bf6 15. Qe3 Nc6 16. Kh1 Nb4 17. Qd2 b6 18. a3 Nc6 19. f4 Nd4 20. Bd3 Re8 21. Ne2 Nxe2 22. Rxe2 Bxb2 23. Qb4 Bf6 24. e5 Bh4 25. f5 Rxe5 26. Rxe5 dxe5 27. Qe4 Bf6 28. Be2 Qf8 29. Qc6 Rd8 30. Rxd8 Qxd8 31. Bd3 h6 32. a4 a5 33. Qe4 c5 34. Qc6 Kh7 35. Qe4 Kg8 36. Qc6 Bg5 37. Qe4 Kf8 38. Qxe5 Bf6 39. Qe4 Bd4 40. Qc6 Be5 41. Qe4 Bc7 42. Qc6 Kg8 43. Qe4 f6 44. Qc4+ Kh7 45. Qg4 Qe7 46. Qe2 Qd6 47. Kg1 Qd4+ 48. Kh1 Qa1+ 49. Qf1 Qxa4 50. Qf3 Qa1+ 51. Bf1 Qe5 52. Kg1 Qf4 53. Qh5 Qg5 54. Qf3 a4 55. Bb5 Qc1+ 56. Bf1 a3 57. Qg4 Qe3+ 58. Kh1 Qg3 59. Qxg3 Bxg3 60. Bc4 b5 61. Ba2 h5 62. Kg1 Kh6 63. Kf1 Kg5 64. Ke2 Kxf5 65. Kd3 Kf4 66. Ke2 Ke4 67. Kd2 Bf4+ 68. Kc3 b4+ 69. Kc4 Bd6 70. c3 Ke3 71. cxb4 cxb4 72. Kb3 Kf2 73. g4 hxg4 74. hxg4 Kg3 75. Bb1 Kxg4 76. Bd3 g5 77. Be2+ Kf4 1-0

[Event "WJCC U20 Girls 2019"]
[Site "New Delhi"]
[Date "2019.10.22"]
[Round "8.5"]
[White "Dordzhieva, Dinara"]
[Black "Pandey Srishti"]
[Result "1/2-1/2"]
[ECO "E65"]
[WhiteElo "2335"]
[BlackElo "1963"]
[Annotator "RC"]
[PlyCount "99"]
[EventDate "2019.10.15"]
[EventType "swiss"]
[EventCountry "IND"]
[SourceTitle "playchess.com"]
[Source "ChessBase"]
[SourceQuality "1"]
[TimeControl "40/5400+30:1800+30"]

1. d4 Nf6 2. c4 g6 3. Nc3 Bg7 4. g3 O-O 5. Bg2 d6 6. Nf3 c5 7. O-O Nc6 8. dxc5 dxc5 9. Be3 Be6 10. Ng5 Qxd1 11. Rfxd1 Bxc4 12. Bxc5 Rfe8 13. Rac1 Rac8 14. b3 Ba6 15. b4 h6 16. Nh3 b6 17. b5 Bxb5 18. Nxb5 bxc5 19. Rxc5 Nb4 20. Rxc8 Rxc8 21. Nxa7 Rc5 22. a3 Nbd5 23. Nf4 Nxf4 24. gxf4 e5 25. fxe5 Rxe5 26. Nc6 Rxe2 27. a4 Ra2 28. a5 Bf8 29. Rc1 Bd6 30. Bf1 Ne4 31. a6 Bc5 32. Bd3 Bxf2+ 33. Kf1 Be3 34. Rc2 Rxc2 35. Bxc2 Nf6 36. Ke2 Bc5 37. Kd3 Nd7 38. Kc4 Bg1 39. Nd4 Bxd4 40. Kxd4 Nb8 41. Bd3 Nxa6 42. Bxa6 Kg7 43. Ke5 h5 44. Bc4 f6+ 45. Ke6 h4 46. Be2 f5 47. Bf3 g5 48. Kxf5 g4 49. Bxg4 h3 50. Ke4 1/2-1/2

[Event "WJCC U20 Girls 2019"]
[Site "New Delhi"]
[Date "2019.10.22"]
[Round "8.7"]
[White "Munkhzul, Turmunkh"]
[Black "Diakonova, Ekaterina"]
[Result "1-0"]
[ECO "B74"]
[WhiteElo "2332"]
[BlackElo "2231"]
[Annotator "RC"]
[PlyCount "179"]
[EventDate "2019.10.15"]
[EventType "swiss"]
[EventCountry "IND"]
[SourceTitle "playchess.com"]
[Source "ChessBase"]
[SourceQuality "1"]
[TimeControl "40/5400+30:1800+30"]

1. e4 c5 2. Nf3 g6 3. d4 cxd4 4. Nxd4 Bg7 5. Be2 Nc6 6. Nb3 Nf6 7. Nc3 O-O 8. O-O d6 9. Be3 a6 10. a4 Na5 11. e5 Ne8 12. Nxa5 Qxa5 13. Nd5 Qd8 14. exd6 Nxd6 15. Bc5 Be5 16. c3 Bf5 17. f4 Bg7 18. Bf3 Nc8 19. Nxe7+ Nxe7 20. Qd3 Qd7 21. Qxd7 Rfd8 22. Bxe7 Rxd7 23. Bc5 Rc8 24. Bb6 Bc2 25. a5 Bf8 26. Rac1 Bb3 27. Bg4 f5 28. Bd1 Bc4 29. Ba4 Rd3 30. Rfd1 Bc5+ 31. Bxc5 Rxc5 32. Rxd3 Bxd3 33. b4 Rc7 34. Kf2 Kf7 35. Bb3+ Kf6 36. Bd5 Bc4 37. Bf3 Bb3 38. c4 g5 39. fxg5+ Kxg5 40. Bd5 Ba4 41. Re1 Bc6 42. Rd1 Kf4 43. c5 h5 44. Bc4 h4 45. Rd6 Rg7 46. Bd5 Bxd5 47. Rxd5 Ke4 48. Rd8 Ke5 49. Rd6 Rg4 50. Rb6 Rc4 51. h3 Rc2+ 52. Kg1 Rc1+ 53. Kh2 Rb1 54. Rxb7 Ke6 55. Rb6+ Kd5 56. Rd6+ Ke5 57. Rxa6 Rxb4 58. Rb6 Ra4 59. a6 Kd5 60. c6 Kd6 61. c7+ Kxc7 62. Rf6 Rf4 63. Rf7+ Kb8 64. g4 hxg3+ 65. Kxg3 Ra4 66. Rf6 Kc7 67. a7 Kb7 68. Rxf5 Kxa7 69. Rb5 Ra1 70. Kg4 Rg1+ 71. Kh5 Ka6 72. Rg5 Rh1 73. h4 Kb6 74. Rd5 Kc6 75. Rd2 Kc7 76. Kg5 Rg1+ 77. Kh6 Rc1 78. h5 Kb7 79. Rg2 Rc5 80. Rg5 Rc6+ 81. Kh7 Kb8 82. Rg8+ Kb7 83. h6 Ka7 84. Kg7 Rc7+ 85. Kg6 Rc6+ 86. Kh5 Rc5+ 87. Rg5 Rc1 88. h7 Rc8 89. Rg8 Rc5+ 90. Kg4 1-0

[Event "WJCC U20 Girls 2019"]
[Site "New Delhi"]
[Date "2019.10.22"]
[Round "8.10"]
[White "Altantuya, Boldbaatar"]
[Black "Afraoui, Anaelle"]
[Result "1-0"]
[ECO "A48"]
[WhiteElo "2277"]
[BlackElo "2106"]
[Annotator "RC"]
[PlyCount "85"]
[EventDate "2019.10.15"]
[EventType "swiss"]
[EventCountry "IND"]
[SourceTitle "playchess.com"]
[Source "ChessBase"]
[SourceQuality "1"]
[TimeControl "40/5400+30:1800+30"]

1. d4 Nf6 2. Nf3 g6 3. Nc3 d5 4. Bf4 Bg7 5. h3 O-O 6. e3 c5 7. Bd3 Nc6 8. O-O b6 9. Bh2 Bf5 10. Bb5 Na5 11. Ne5 Qc8 12. Be2 Rd8 13. Rc1 h5 14. Qe1 Nh7 15. dxc5 Qxc5 16. Na4 Qc8 17. Qb4 Qe6 18. Nf3 d4 19. Bf4 Rac8 20. Ba6 Rxc2 21. Nxd4 Bxd4 22. exd4 Nc6 23. Qa3 Nxd4 24. Rce1 Qf6 25. Qxe7 Qxe7 26. Rxe7 b5 27. Nc3 Rxb2 28. Rfe1 Ne6 29. Be5 b4 30. Nd5 Rxa2 31. Nxb4 Ra4 32. Nc6 Ra8 33. Bb7 Rf8 34. Rd7 Nhg5 35. Bd6 Re8 36. h4 Ne4 37. Ne7+ Kg7 38. Bc6 Ra5 39. Bxe4 Bxe4 40. Rxe4 Kf6 41. Bb4 Ra1+ 42. Kh2 Rc1 43. Bc3+ {[%emt 0:00:00] Rg1 Kxg1+ Rh8} 1-0

[Event "WJCC U20 Girls 2019"]
[Site "New Delhi"]
[Date "2019.10.22"]
[Round "8.11"]
[White "Arpita, Mukherjee"]
[Black "Potluri Supreetha"]
[Result "1/2-1/2"]
[ECO "A45"]
[WhiteElo "2271"]
[BlackElo "1767"]
[Annotator "RC"]
[PlyCount "106"]
[EventDate "2019.10.15"]
[EventType "swiss"]
[EventCountry "IND"]
[SourceTitle "playchess.com"]
[Source "ChessBase"]
[SourceQuality "1"]
[TimeControl "40/5400+30:1800+30"]

1. d4 Nf6 2. Bf4 g6 3. Nc3 d5 4. Qd2 Bg7 5. Bh6 O-O 6. Bxg7 Kxg7 7. O-O-O c6 8. f3 Qc7 9. e4 dxe4 10. fxe4 e5 11. dxe5 Ng4 12. Nf3 Nxe5 13. Nd4 Nbd7 14. Be2 b5 15. Qg5 b4 16. Qe7 Kg8 17. Nb1 Qd8 18. Qxd8 Rxd8 19. Nb3 a5 20. Rd6 Re8 21. N1d2 c5 22. Bb5 Rb8 23. Bxd7 Nxd7 24. Nxa5 Ra8 25. Ndc4 Ne5 26. Kb1 Nxc4 27. Nxc4 Be6 28. Nb6 Ra6 29. Rhd1 Kg7 30. b3 Rb8 31. Na4 Rxd6 32. Rxd6 Rc8 33. Nb6 Re8 34. e5 g5 35. Rc6 Rd8 36. Kc1 Bg4 37. Rxc5 Rd1+ 38. Kb2 Be6 39. Rb5 Rd2 40. Rxb4 Rxg2 41. a4 Rxh2 42. a5 g4 43. a6 g3 44. a7 g2 45. a8=Q g1=Q 46. Qd8 Rxc2+ 47. Kxc2 Bf5+ 48. Kd2 Qf2+ 49. Kd1 Qf1+ 50. Kd2 Qf2+ 51. Kd1 Qf1+ 52. Kd2 Qf2+ 53. Kd1 Qf1+ 1/2-1/2

[Event "WJCC U20 Girls 2019"]
[Site "New Delhi"]
[Date "2019.10.22"]
[Round "8.14"]
[White "Bauyrzhan, Arnash"]
[Black "Song, Yuxin"]
[Result "0-1"]
[ECO "B51"]
[WhiteElo "2075"]
[BlackElo "2292"]
[Annotator "RC"]
[PlyCount "125"]
[EventDate "2019.10.15"]
[EventType "swiss"]
[EventCountry "IND"]
[SourceTitle "playchess.com"]
[Source "ChessBase"]
[SourceQuality "1"]
[TimeControl "40/5400+30:1800+30"]

1. e4 c5 2. Nf3 d6 3. Bb5+ Nd7 4. O-O a6 5. Bd3 Ngf6 6. c3 b5 7. Bc2 Bb7 8. Qe2 c4 9. b3 Qc7 10. d3 cxd3 11. Bxd3 Nc5 12. Nbd2 e5 13. Bb2 Be7 14. Rac1 O-O 15. c4 b4 16. Ne1 Qc6 17. Nc2 a5 18. Ne3 a4 19. Nd5 Nxd5 20. cxd5 Qb6 21. Nc4 Qd8 22. Bc2 Bg5 23. Rcd1 Ba6 24. g3 axb3 25. axb3 Bxc4 26. Qxc4 Qb6 27. Ra1 Rfc8 28. Qe2 Nb7 29. Kh1 Rxa1 30. Rxa1 Qc5 31. Bd1 Rb8 32. Kg2 g6 33. Qg4 Bd2 34. Qe2 Bc3 35. Rc1 Na5 36. Qa6 f5 37. Qd3 Qd4 38. Qxd4 exd4 39. Ba1 fxe4 40. Rb1 Rb5 41. Bb2 Rxd5 42. Bc1 h5 43. h4 Nb7 44. g4 hxg4 45. Bxg4 Ra5 46. Kg3 Nc5 47. Bf4 Nd3 48. Bxd6 Ra6 49. Be7 Kf7 50. Bg5 Be1 51. Be2 Bxf2+ 52. Kg2 Ra2 53. Bxd3 Be3+ 54. Kg3 exd3 55. Rd1 Bxg5 56. hxg5 Rc2 57. Kf4 Rc3 58. Ke4 Rxb3 59. Kxd4 Rc3 60. Ke3 Rc5 61. Rxd3 Rc3 62. Rxc3 bxc3 63. Kd4 0-1

[Event "WJCC U20 Girls 2019"]
[Site "New Delhi"]
[Date "2019.10.22"]
[Round "8.17"]
[White "Kiolbasa, Oliwia"]
[Black "Katkov, Michelle"]
[Result "1-0"]
[ECO "E15"]
[WhiteElo "2223"]
[BlackElo "2106"]
[Annotator "RC"]
[PlyCount "109"]
[EventDate "2019.10.15"]
[EventType "swiss"]
[EventCountry "IND"]
[SourceTitle "playchess.com"]
[Source "ChessBase"]
[SourceQuality "1"]
[TimeControl "40/5400+30:1800+30"]

1. d4 Nf6 2. c4 e6 3. Nf3 b6 4. g3 Bb4+ 5. Bd2 a5 6. Bg2 O-O 7. O-O Ba6 8. b3 d5 9. Bg5 Be7 10. cxd5 exd5 11. Nc3 h6 12. Bxf6 Bxf6 13. Nxd5 Qxd5 14. Ne5 Qe6 15. Bxa8 c6 16. Rc1 Bxe5 17. dxe5 Rc8 18. Qd6 Bxe2 19. Bb7 Re8 20. Qxe6 Rxe6 21. Rfe1 Bf3 22. Bc8 Re8 23. Bh3 Bd5 24. Bg2 Bxg2 25. Kxg2 c5 26. Rcd1 Nc6 27. Rd6 Re6 28. Rxe6 fxe6 29. Rd1 Nd4 30. Rxd4 cxd4 31. Kf3 Kf7 32. Ke4 Kg6 33. Kxd4 Kf5 34. Kc4 Kxe5 35. Kb5 Ke4 36. Kxb6 Kf3 37. Kc5 Kxf2 38. a3 Kf3 39. Kd6 Kg2 40. b4 axb4 41. axb4 h5 42. b5 Kxh2 43. b6 Kxg3 44. b7 h4 45. b8=Q h3 46. Kxe6+ Kg2 47. Qb2+ Kh1 48. Qc1+ Kg2 49. Qd2+ Kg1 50. Qe1+ Kg2 51. Qe2+ Kh1 52. Qf1+ Kh2 53. Qf2+ Kh1 54. Qg3 h2 55. Qf2 1-0

[Event "WJCC U20 Girls 2019"]
[Site "New Delhi"]
[Date "2019.10.22"]
[Round "8.18"]
[White "Avetisyan, Mariam"]
[Black "Olde, Margareth"]
[Result "1/2-1/2"]
[ECO "A04"]
[WhiteElo "2110"]
[BlackElo "2205"]
[Annotator "RC"]
[PlyCount "85"]
[EventDate "2019.10.15"]
[EventType "swiss"]
[EventCountry "IND"]
[SourceTitle "playchess.com"]
[Source "ChessBase"]
[SourceQuality "1"]
[TimeControl "40/5400+30:1800+30"]

1. Nf3 f5 2. d3 Nc6 3. d4 e6 4. c4 Nf6 5. Nc3 d5 6. Bf4 a6 7. e3 Be7 8. h3 O-O 9. Be2 Bd7 10. O-O Be8 11. Ng5 Bd7 12. a3 Na5 13. cxd5 exd5 14. b4 Nc6 15. Qb3 Kh8 16. Rac1 h6 17. Nf3 Be6 18. Bd3 Ne4 19. Qd1 Bd6 20. Ne2 Bf7 21. Ne5 Bxe5 22. dxe5 Bh5 23. f3 Ng5 24. Nd4 Nxd4 25. exd4 Ne6 26. Be3 f4 27. Bf2 Qg5 28. Kh1 Bg6 29. Bxg6 Qxg6 30. Qc2 Qh5 31. Qb3 c6 32. a4 Ng5 33. Kh2 Ne6 34. Rfe1 Rfc8 35. b5 axb5 36. axb5 Qe8 37. bxc6 bxc6 38. Re2 Rab8 39. Qa4 Ra8 40. Qb3 Rab8 41. Qc3 Rb6 42. Rec2 Rcb8 43. Qd2 1/2-1/2

[Event "WJCC U20 Girls 2019"]
[Site "New Delhi"]
[Date "2019.10.22"]
[Round "8.19"]
[White "Chitlange Sakshi"]
[Black "Nomindalai Tumurbaatar"]
[Result "1-0"]
[ECO "C41"]
[WhiteElo "2175"]
[BlackElo "2061"]
[Annotator "RC"]
[PlyCount "125"]
[EventDate "2019.10.15"]
[EventType "swiss"]
[EventCountry "IND"]
[SourceTitle "playchess.com"]
[Source "ChessBase"]
[SourceQuality "1"]
[TimeControl "40/5400+30:1800+30"]

1. d4 d6 2. e4 Nf6 3. Nc3 e5 4. Nf3 Nbd7 5. Bc4 Be7 6. O-O O-O 7. Re1 c6 8. a4 a5 9. h3 Qc7 10. Be3 exd4 11. Nxd4 Nc5 12. Qf3 Be6 13. Bf1 Rae8 14. Rad1 Kh8 15. Bf4 Nfd7 16. Nd5 cxd5 17. exd5 Ne5 18. Bxe5 dxe5 19. Nb5 Qb6 20. dxe6 fxe6 21. Qe3 e4 22. c3 Bh4 23. Rd6 Bxf2+ 24. Qxf2 Rxf2 25. Rxb6 Rxb2 26. Rd6 g6 27. Nc7 Re7 28. Rd8+ Kg7 29. Ne8+ Kh6 30. Nf6 Rf7 31. Ng4+ Kg7 32. Ne5 Rff2 33. Nc4 Ra2 34. Nxa5 Nxa4 35. Rd7+ Kh6 36. Nxb7 Nxc3 37. Nc5 Rf5 38. Bc4 Rxc5 39. Bxa2 Nxa2 40. Rxe4 Nc3 41. Rxe6 Nd5 42. h4 Nf4 43. Re4 g5 44. hxg5+ Kxg5 45. Rxh7 Nh5 46. Rhe7 Rc1+ 47. Kh2 Nf6 48. Re1 Ng4+ 49. Kh3 Rc3+ 50. g3 Nf2+ 51. Kg2 Nd3 52. R1e2 Nc1 53. R2e5+ Kf6 54. R7e6+ Kf7 55. Ra6 Nd3 56. Rb5 Rc2+ 57. Kf3 Rc7 58. Rba5 Rc3 59. Ra3 Ne5+ 60. Ke4 Rc5 61. R3a5 Nd7 62. Ra7 Ke6 63. Rxc5 {[%emt 0:01:07] Kd5+} 1-0

[Event "WJCC U20 Girls 2019"]
[Site "New Delhi"]
[Date "2019.10.22"]
[Round "8.20"]
[White "Ferkova, Dominika"]
[Black "Priyanka, Kumari"]
[Result "0-1"]
[ECO "E81"]
[WhiteElo "2096"]
[BlackElo "1921"]
[Annotator "NA"]
[PlyCount "90"]
[EventDate "2019.10.15"]
[EventType "swiss"]
[EventCountry "IND"]
[SourceTitle "playchess.com"]
[Source "ChessBase"]
[SourceQuality "1"]
[TimeControl "40/5400+30:1800+30"]

1. d4 Nf6 2. c4 g6 3. Nc3 Bg7 4. e4 d6 5. f3 O-O 6. Be3 c5 7. dxc5 dxc5 8. Qxd8 Rxd8 9. e5 Nfd7 10. f4 Nc6 11. O-O-O b6 12. Bd3 $14 Bb7 13. Be4 Nf8 14. Nf3 Ne6 15. g4 Rab8 16. Rxd8+ Ncxd8 17. Bxb7 Rxb7 18. f5 Nd4 19. Bxd4 cxd4 20. Ne4 Rc7 21. b3 Bh6+ 22. Kc2 Nc6 23. a3 Bf4 24. e6 fxe6 25. fxe6 Rc8 26. Kd3 Rf8 27. Rf1 Bc1 28. Ke2 Bxa3 29. Rd1 Rf4 30. Nf2 Bc5 31. h3 Rf6 32. Ne4 Rxe6 33. Nfd2 Bb4 34. Kd3 Bxd2 35. Rxd2 Ne5+ 36. Kc2 Nf3 37. Re2 Ng5 38. Ng3 Rxe2+ 39. Nxe2 e5 40. h4 Ne6 41. b4 a5 42. Kb3 axb4 43. Kxb4 e4 44. Kb5 d3 45. Nc1 d2 0-1

[Event "WJCC U20 Girls 2019"]
[Site "New Delhi"]
[Date "2019.10.22"]
[Round "8.23"]
[White "Obregon Garcia, Roxangel"]
[Black "Bhagyashree Patil"]
[Result "*"]
[ECO "C91"]
[WhiteElo "2267"]
[BlackElo "1802"]
[Annotator "ChessBase"]
[PlyCount "49"]
[EventDate "2019.10.15"]
[EventType "swiss"]
[EventCountry "IND"]
[SourceTitle "playchess.com"]
[Source "ChessBase"]
[SourceQuality "1"]
[TimeControl "40/5400+30:1800+30"]

1. e4 e5 2. Nf3 Nc6 3. Bb5 a6 4. Ba4 Nf6 5. O-O Be7 6. Re1 b5 7. Bb3 d6 8. c3 O-O 9. d4 exd4 10. cxd4 Na5 11. Bc2 c5 12. h3 Nc6 13. Nc3 Bb7 14. d5 Ne5 15. Nh2 Ng6 16. Ne2 Re8 17. Ng3 Nd7 18. Nf5 Nb6 19. b3 Bf6 20. Rb1 Bc8 21. Ng4 Bc3 22. Nh2 Bf6 23. Ng4 Bc3 24. Re3 b4 25. Qf3 *

[Event "WJCC U20 Girls 2019"]
[Site "New Delhi"]
[Date "2019.10.22"]
[Round "8.24"]
[White "Pychova, Nela"]
[Black "Tsotsonava, Elene"]
[Result "1/2-1/2"]
[ECO "B24"]
[WhiteElo "2178"]
[BlackElo "1905"]
[Annotator "RC"]
[PlyCount "31"]
[EventDate "2019.10.15"]
[EventType "swiss"]
[EventCountry "IND"]
[SourceTitle "playchess.com"]
[Source "ChessBase"]
[SourceQuality "1"]
[TimeControl "40/5400+30:1800+30"]

1. e4 c5 2. Nc3 Nc6 3. Bb5 Nd4 4. Bc4 g6 5. Nf3 Bg7 6. Nxd4 cxd4 7. Qf3 Nf6 8. Nb5 d6 9. Nxd4 O-O 10. Nb3 Bg4 11. Qg3 Rc8 12. Bd3 Be6 13. c3 b6 14. f3 d5 15. Nd4 Nh5 16. Nxe6 1/2-1/2

[Event "WJCC U20 Girls 2019"]
[Site "New Delhi"]
[Date "2019.10.22"]
[Round "8.26"]
[White "Dwilewicz, Katarzyna"]
[Black "Toshali, V."]
[Result "1/2-1/2"]
[ECO "B00"]
[WhiteElo "2106"]
[BlackElo "1868"]
[Annotator "ChessBase"]
[PlyCount "107"]
[EventDate "2019.10.15"]
[EventType "swiss"]
[EventCountry "IND"]
[SourceTitle "playchess.com"]
[Source "ChessBase"]
[SourceQuality "1"]
[TimeControl "40/5400+30:1800+30"]

1. e4 Nc6 2. d4 e5 3. d5 Nce7 4. Nf3 Ng6 5. Nc3 Nf6 6. g3 Bc5 7. Bg2 a6 8. Qd3 d6 9. Be3 Bb4 10. Bd2 O-O 11. O-O-O Ng4 12. Rhf1 Bd7 13. h3 Nf6 14. Rfe1 Qc8 15. h4 Ng4 16. Qe2 h5 17. Kb1 b5 18. Rc1 Qb7 19. Ng5 a5 20. Bh3 c6 21. dxc6 Qxc6 22. Nd5 Bxd2 23. Qxd2 f6 24. f3 Nh6 25. Bxd7 Qxd7 26. Nb6 Qc6 27. Nxa8 fxg5 28. hxg5 Nf7 29. Qxa5 Rxa8 30. Qd2 Qa6 31. a3 Rb8 32. c3 h4 33. gxh4 Nf4 34. Rh1 g6 35. Rcg1 Nh5 36. Rc1 Rc8 37. Qd5 Nf4 38. Qb3 Kg7 39. Rh2 Rc4 40. Qd1 Rc8 41. Qg1 Qb7 42. Qf1 Nd8 43. Rd2 Qb6 44. c4 b4 45. axb4 Qxb4 46. Rcd1 Nb7 47. Qe1 Qb3 48. Rc2 Ra8 49. Qc3 Qa2+ 50. Kc1 Qa1+ 51. Kd2 Qa7 52. Qe3 Qa5+ 53. Qc3 Qa7 54. Qe3 1/2-1/2

[Event "WJCC U20 Girls 2019"]
[Site "New Delhi"]
[Date "2019.10.22"]
[Round "8.27"]
[White "Fretel, Liza"]
[Black "Nastase, Andreea-Cristina"]
[Result "0-1"]
[ECO "B24"]
[WhiteElo "1877"]
[BlackElo "2077"]
[Annotator "NA RC"]
[PlyCount "94"]
[EventDate "2019.10.15"]
[EventType "swiss"]
[EventCountry "IND"]
[SourceTitle "playchess.com"]
[Source "ChessBase"]
[SourceQuality "1"]
[TimeControl "40/5400+30:1800+30"]

1. e4 c5 2. Nc3 Nc6 3. g3 g6 4. Bg2 Bg7 5. d3 Rb8 6. Be3 d6 7. a4 a6 8. f4 {[%emt 0:00:34] B26: Closed Sicilian: 3 g3, lines with early Be3} (8. Nge2 Nf6 9. O-O O-O 10. h3 b5 11. axb5 axb5 12. Qd2 b4 13. Nd1 e5 14. Bh6 Nd4 15. Bxg7 Kxg7 16. Kh2 Bb7 17. Ne3 d5 18. exd5 Nxd5 19. Ng4 Nxe2 20. Qxe2 {1-0 (34) McShane,L (2640)-Chigaev,M (2555) Katowice 2017}) 8... e6 9. Nf3 Nd4 10. O-O Ne7 11. Ne1 O-O 12. Qd2 b5 $146 ({Predecessor:} 12... Nec6 13. Qf2 f5 14. Nd1 fxe4 15. dxe4 Ne5 16. h3 Nc4 17. Bc1 Bd7 18. Kh1 e5 19. b3 exf4 20. gxf4 {0-1 (34) Grosshans,R-Vossenkuhl,J Germany 1991}) 13. axb5 axb5 14. Rb1 Qb6 15. b4 cxb4 16. Rxb4 Qa5 17. Rxd4 Nc6 18. Rxd6 Bxc3 19. Qf2 Qc7 20. e5 Bd7 21. Bc5 Rfc8 22. d4 Na5 23. Ra6 Nc4 24. Nd3 Qd8 $16 25. Rd1 b4 26. Bd6 Bb5 27. Ra7 Nxd6 28. exd6 Qb6 29. d7 Rd8 30. Ne5 Qxa7 31. f5 exf5 32. Bd5 Rxd7 33. Nxd7 Qxd7 34. Bf3 Qa7 35. d5 Qxf2+ 36. Kxf2 Ba4 37. Rc1 Bb2 38. Rd1 Bxc2 39. Rd2 b3 40. d6 Bc3 41. Re2 Be4 42. Bxe4 fxe4 43. Rxe4 Rd8 44. Kf3 b2 45. d7 Rxd7 46. Re8+ Kg7 47. Rb8 Rd1 0-1

[Event "WJCC U20 Girls 2019"]
[Site "New Delhi"]
[Date "2019.10.22"]
[Round "8.28"]
[White "Ghosh Samriddhaa"]
[Black "Gomez Barrera, Javiera Belen"]
[Result "1-0"]
[ECO "C47"]
[WhiteElo "1867"]
[BlackElo "2033"]
[Annotator "NA"]
[PlyCount "111"]
[EventDate "2019.10.15"]
[EventType "swiss"]
[EventCountry "IND"]
[SourceTitle "playchess.com"]
[Source "ChessBase"]
[SourceQuality "1"]
[TimeControl "40/5400+30:1800+30"]

1. e4 e5 2. Nf3 Nc6 3. Nc3 Nf6 4. g3 Bc5 5. Bg2 d6 6. O-O a6 7. d3 h6 8. a3 Be6 9. Be3 Bxe3 10. fxe3 O-O 11. Nh4 g6 12. Qd2 Nh7 13. d4 Nb8 14. h3 $11 Ng5 15. Kh2 Qc8 16. g4 Qd8 17. Qf2 c6 18. Qg3 Qc7 19. Rf2 a5 20. d5 Bc8 21. Raf1 Nd7 22. dxc6 bxc6 23. Rd2 Nb6 24. b3 Be6 25. Rfd1 Rfd8 26. a4 Rd7 27. Qf2 Rdd8 28. Qf6 Nh7 29. Qf2 Qe7 30. Nf3 Nf8 31. Rd3 Rac8 32. Qd2 d5 33. Kg1 Qc7 34. Ne1 Rd7 35. exd5 cxd5 36. Nxd5 Bxd5 37. Bxd5 Nh7 38. Bg2 Rxd3 39. Qxd3 Ng5 40. Qd6 Qxd6 41. Rxd6 Rb8 42. Nd3 e4 43. Nf2 Kf8 44. Nxe4 Ke7 45. Rc6 Ne6 46. Nc3 Kd7 47. Nb5 Nc8 48. Ra6 Nc5 49. Rxa5 Nb7 50. Ra6 Nc5 51. Rf6 Ke7 52. Rc6 Ne6 53. c4 Kd7 54. a5 Nd8 55. Rc7+ Ke8 56. a6 1-0

[Event "WJCC U20 Girls 2019"]
[Site "New Delhi"]
[Date "2019.10.22"]
[Round "8.29"]
[White "Rindhiya V"]
[Black "Jain Nityata"]
[Result "1-0"]
[ECO "B19"]
[WhiteElo "1817"]
[BlackElo "2029"]
[Annotator "NA"]
[PlyCount "101"]
[EventDate "2019.10.15"]
[EventType "swiss"]
[EventCountry "IND"]
[SourceTitle "playchess.com"]
[Source "ChessBase"]
[SourceQuality "1"]
[TimeControl "40/5400+30:1800+30"]

1. e4 c6 2. d4 d5 3. Nc3 dxe4 4. Nxe4 Bf5 5. Ng3 Bg6 6. h4 h6 7. Nf3 Nd7 8. h5 Bh7 9. Bd3 Bxd3 10. Qxd3 e6 ({Predecessor:} 10... Ngf6 11. Bd2 {½-½ (70) Lawitsch,G (2300)-Riediger,M (2235) Austria 1997}) 11. Bd2 Ngf6 12. O-O-O Be7 13. Kb1 O-O 14. Ne4 Nxe4 {[%emt 0:00:26] B19: Classical Caro-Kann: 4...Bf5 main line} 15. Qxe4 Nf6 16. Qe2 Qd5 17. Ne5 $146 (17. Be3) 17... c5 18. dxc5 Bxc5 19. f3 Bd4 20. Bc3 Qxe5 21. Qxe5 Bxe5 22. Bxe5 Nd5 23. Rhe1 Rac8 24. Rd4 b5 25. g4 Rc6 26. Bg3 a6 $11 27. f4 (27. a3 $11 {keeps the balance.}) 27... f5 28. gxf5 Rxf5 29. Re5 Rxe5 30. fxe5 Rc7 31. a3 Kf7 32. Rxd5 exd5 33. e6+ Kxe6 34. Bxc7 Kf5 35. Bd6 Kg5 36. Be5 Kxh5 37. Bxg7 Kg6 38. Be5 Kf5 39. Bc7 Ke4 40. Kc1 Ke3 41. Kd1 h5 42. Bb6+ Ke4 43. Bd8 Ke3 44. Bg5+ Ke4 45. Kd2 Kd4 46. Ke2 Kc4 47. Ke3 a5 48. Bd8 b4 49. Bxa5 d4+ 50. Kd2 bxa3 51. bxa3 1-0